 Dungeon Crawl Stone Soup version 0.31.0-11-ge490571c62 (webtiles) character file.

Game seed: 18309527505805776162

144 kwasso the Ruffian (level 5, -4/33 HPs)
             Began as an Octopode Shapeshifter on Feb 8, 2024.
             Slain by a +11 short sword of Glory {spect, Str+2 Int+2} (16 damage)
             ... created by a goblin
             ... led by Robin
             ... on level 3 of the Dungeon.
             The game lasted 00:02:20 (1676 turns).

kwasso the Ruffian (Octopode Shapeshifter)          Turns: 1676, Time: 00:02:21

Health: -4/33      AC:  1    Str: 14    XL:     5   Next: 27%
Magic:  5/5        EV: 13    Int: 14    God:
Gold:   98         SH:  0    Dex: 11    Spells: 4/4 levels left

rFire   . . .        g - +2 dagger (holy)
rCold   . . .        (no shield)
rNeg    . . .        (helmet currently unavailable)
rPois   .            (no amulet)
rElec   .            (no ring)
rCorr   .            (no ring)
SInv    .            (no ring)
Will    .....        (no ring)
Stlth   +++          (no ring)
HPRegen 0.25/turn    (no ring)
MPRegen 0.09/turn    (no ring)
                     (no ring)

%: no passive effects
@: beast-form
A: beast (slay +2), almost no armour, amphibious, 8 rings, camouflage 1,
gelatinous body 1, (nimble swimmer 1), tentacles
a: Begin Untransformation


You were on level 3 of the Dungeon.
You were a hulking beast.
You visited 1 branch of the dungeon, and saw 3 of its levels.

You collected 98 gold pieces.

Inventory:

Hand Weapons
 g - a +2 dagger of holy wrath (weapon)
Missiles
 f - 5 javelins (quivered)
Talismans
 b - a beast talisman
 c - a flux talisman
Scrolls
 d - a scroll of brand weapon {unknown}
 e - a scroll of fear {unknown}
 h - a scroll of blinking {unknown}
Potions
 a - a potion of lignification
 i - a potion of curing {unknown}
 j - a potion of mutation {unknown}


   Skills:
 + Level 1.1 Fighting
 + Level 1.7 Short Blades
 + Level 2.6 Dodging
 + Level 3.0 Stealth
 + Level 3.7 Unarmed Combat
 + Level 3.6 Shapeshifting


You had 4 spell levels left.
You didn't know any spells.
Your spell library contained the following spells:

 Spells                   Type           Power      Damage    Failure   Level
 Tukima's Dance           Hex            0%         N/A       65%         3
 Dimensional Bullseye     Hex/Tloc       0%         N/A       96%         4
 Iskenderun's Mystic Bla  Conj/Tloc      0%         2d3       96%         4


Dungeon Overview and Level Annotations

Branches:
Dungeon (3/15)

Altars:


Innate Abilities, Weirdness & Mutations

You are a hulking beast.
Your limbs bulge with bestial killing power. (Slay +2)
You cannot wear most types of armour.
You are amphibious.
You can wear up to eight rings at the same time.
Your skin changes colour to match your surroundings (Stealth+).
Your rubbery body absorbs attacks. (AC +1, EV +1)
((You are camouflaged when in or above water. (Stealth+)))
You have tentacles for arms and can constrict up to eight enemies at once.


Message History

You hit the goblin.
You kill the goblin!
No target in view!
No target in view!
No target in view!
No target in view!
No target in view!
No target in view!
No target in view!
No target in view!
No target in view!
No target in view!
No target in view!
No target in view!
No target in view!
A goblin is nearby!
The goblin shouts!
The goblin hits you with the +11 short sword of Glory {spect, Str+2 Int+2}!
The +11 short sword of Glory {spect, Str+2 Int+2} hits you!
A +11 short sword of Glory {spect, Str+2 Int+2} comes into view.
You are too injured to fight recklessly!
You are too injured to fight recklessly!
You are too injured to fight recklessly!
You are too injured to fight recklessly!
You are too injured to fight recklessly!
You are too injured to fight recklessly!
You are too injured to fight recklessly!
You are too injured to fight recklessly!
You are too injured to fight recklessly!
You are too injured to fight recklessly!
You are too injured to fight recklessly!
You are too injured to fight recklessly!
You are too injured to fight recklessly!
You are too injured to fight recklessly!
You are too injured to fight recklessly!
You are too injured to fight recklessly!
Unknown command.
You miss the goblin. Your grab misses the goblin. The goblin misses you.
The +11 short sword of Glory {spect, Str+2 Int+2} hits you!
You die...

# #. ###. ##...#
##.....##
#.....g(########
....)..h.......#####.
#.......##)..........
##.....###.....#####
## ##............# #.
.## ########.....#
#.#... #...).# #..)#
#####.# #<#
######.#####.#
#.......))))[.#


You could see a +11 short sword of Glory {spect, Str+2 Int+2} (wandering) and a
goblin.

Vanquished Creatures
  An orc wizard (D:3)
  Robin (D:3)
  4 gnolls (D:3)
  An adder (D:2)
  A dart slug (D:2)
  3 orcs (D:3)
  3 endoplasms
  A giant cockroach (D:2)
  12 goblins
  9 hobgoblins
  A kobold (D:2)
  2 quokkas
  2 ball pythons
  5 bats
  5 frilled lizards
  3 rats
54 creatures vanquished.

Notes
Turn   | Place    | Note
-------+----------+-------------------------------------------
     0 | D:1      | kwasso the Octopode Shapeshifter began the quest for the
                  | Orb.
     0 | D:1      | Reached XP level 1. HP: 13/13 MP: 1/1
   340 | D:1      | Reached XP level 2. HP: 9/18 MP: 2/2
   871 | D:2      | Reached XP level 3. HP: 23/23 MP: 3/3
   897 | D:2      | Reached skill level 1 in Stealth
  1268 | D:3      | Reached skill level 1 in Short Blades
  1268 | D:3      | Reached XP level 4. HP: 17/28 MP: 4/4
  1350 | D:3      | Noticed Robin
  1429 | D:3      | Killed Robin
  1430 | D:3      | Reached XP level 5. HP: 22/33 MP: 5/5
  1433 | D:3      | Identified the +11 short sword of Glory {spect, Str+2
                  | Int+2}
  1676 | D:3      | Slain by a +11 short sword of Glory {spect, Str+2 Int+2}

Illustrated notes

Levels and vault maps discovered:
D:1:      dpeg_arrival_solitude, layout_basic
D:2:      layout_basic
D:3:      layout_loops_ring, nicolae_overflow_macrodata_refinement,
          serial_shops, shop, uniq_robin

Skill      XL: |  1  2  3  4  5 |
---------------+----------------+-----
Stealth        | 2 3 |  3.0
Short Blades   | 1 |  1.7
Fighting       | |  1.1
Dodging        | |  2.6
Unarmed Combat | |  3.7
Shapeshifting  | |  3.6

Action                     |  1- 3 |  4- 6 || total
---------------------------+-------+-------++-------
  Melee: Unarmed           |    21 |       ||    21
         Constrict         |    17 |    13 ||    30
         Tentacles         |    10 |    12 ||    22
         Dagger            |    36 |    50 ||    86
         Punch             |     1 |     1 ||     2
   Stab: Sleeping          |     8 |       ||     8
 Armour: Skin              |    22 |    18 ||    40
  Dodge: Dodged            |    34 |    28 ||    62
